Golden Seals vs Oilers

Created - 9 décembre 2020 at 07:15

Goals
1 2 3 T
Golden Seals 1 0 0 1
Oilers 0 1 3 4
Shots
1 2 3 T
Golden Seals 22 5 7 34
Oilers 9 6 11 26

1st period

1. Golden Seals , Jake McCabe 2 (Miles Wood 3, Colton Parayko 2) at 8:02

Penalties :
Nathan Gerbe (EDM) for Tripping (Minor) at 18:59

2nd period

2. Oilers , Sonny Milano 6 (Bobby Ryan 6, Nico Hischier 8) at 5:01

Penalties :
Olli Maatta (CLF) for Holding Stick (Minor) at 6:41, Nathan Gerbe (EDM) for Roughing (Minor) at 10:59

3rd period

3. Oilers , Nathan Gerbe 2 (Ben Street 2) at 12:15
4. Oilers , Sonny Milano 7 (Bobby Ryan 7, Nico Hischier 9) at 12:21
5. Oilers , Adam Erne 2 (Ben Street 3, Kevin Shattenkirk 1) at 15:09

Penalties :
Dennis Gilbert (EDM) for Hooking (Minor) at 5:08, Colton Parayko (CLF) for Holding (Minor) at 12:32

Goalie Stats

Pheonix Copley (CLF), 22 saves from 26 shots - (0,846), L, 0-1-0, 60:00 minutes
Ryan Miller (EDM), 33 saves from 34 shots - (0,971), W, 2-1-0, 60:00 minutes

Players Stats for Golden Seals

Player Name              G  A  P  +/- PIM S  H  SB GA TA FO     MP     PP MP  PK MP  
------------------------------------------------------------------------------------
Barclay Goodrow          0  0  0   1  0   1  2  0  1  1  2/4    11:06   0:15   2:02 
Cody Ceci                0  0  0  -1  0   0  1  0  0  0  0/0    17:20   0:00   2:15 
Colton Parayko           0  1  1  -1  2   2  1  1  0  2  0/0    23:21   4:04   0:53 
Jaden Schwartz           0  0  0  -2  0   4  2  2  1  0  1/2    18:33   3:20   0:00 
Jake McCabe              1  0  1  -1  0   3  0  0  0  0  0/0    20:30   0:00   2:15 
Jonathan Toews           0  0  0  -2  0   2  1  0  0  0  17/27  18:33   3:20   0:00 
Jordan Eberle            0  0  0  -2  0   2  1  0  0  0  1/2    16:55   2:31   0:00 
Max Domi                 0  0  0  -2  0   3  0  0  0  0  1/2    18:51   2:22   1:35 
Miles Wood               0  1  1   1  0   1  1  0  0  1  0/0    11:02   0:06   2:02 
Nate Schmidt             0  0  0  -2  0   1  0  1  0  1  0/0    18:44   1:53   0:02 
Nick Cousins             0  0  0   1  0   4  1  0  0  0  0/0     8:45   0:00   0:00 
Nick Suzuki              0  0  0   0  0   1  1  0  1  1  1/3    15:43   1:53   1:35 
Olli Maatta              0  0  0  -1  2   2  0  2  0  1  0/0    16:50   0:00   0:48 
Oskar Lindblom           0  0  0   0  0   3  0  1  0  0  0/0    15:10   4:04   0:00 
Robby Fabbri             0  0  0   0  0   3  0  0  0  0  0/0    11:40   0:06   0:21 
Robert Hagg              0  0  0   0  0   0  2  0  0  1  0/0    16:58   0:00   1:43 
Tyler Toffoli            0  0  0  -2  0   1  1  0  0  0  0/0    18:33   3:20   0:00 
William Karlsson         0  0  0  -2  0   1  3  0  0  0  2/7    17:26   2:31   0:21 

Players Stats for Oilers

Player Name              G  A  P  +/- PIM S  H  SB GA TA FO     MP     PP MP  PK MP  
------------------------------------------------------------------------------------
Adam Erne                1  0  1   1  0   1  1  0  1  0  1/1    14:10   0:00   2:47 
Ben Street               0  2  2   1  0   0  1  0  1  0  2/6    13:24   0:00   2:59 
Bobby Ryan               0  2  2   1  0   3  3  0  0  0  0/0    15:54   2:03   0:04 
Brandon Montour          0  0  0   1  0   0  0  1  0  0  0/0    23:07   1:49   3:43 
Brendan Smith            0  0  0   2  0   0  0  0  0  0  0/0    19:17   0:00   2:14 
Connor McDavid           0  0  0   0  0   3  2  1  0  0  5/13   16:25   1:55   0:00 
Dennis Gilbert           0  0  0   0  2   0  1  3  0  0  0/0    15:00   0:00   0:00 
Evgeni Dadonov           0  0  0   0  0   1  1  0  1  1  0/2    16:25   1:55   0:00 
Jordan Nolan             0  0  0   1  0   1  2  0  0  0  0/0    10:25   0:00   0:00 
Jordan Oesterle          0  0  0   2  0   0  1  0  0  0  0/0    21:56   2:09   2:14 
Kevin Shattenkirk        0  1  1   1  0   0  3  2  0  1  0/0    23:07   1:49   3:43 
Kyle Okposo              0  0  0   0  0   1  3  0  0  0  0/0    16:25   1:55   0:00 
Nathan Gerbe             1  0  1   1  4   3  1  2  2  0  0/1    11:07   0:00   0:00 
Nico Hischier            0  2  2   1  0   1  1  1  2  0  11/17  15:28   2:03   0:00 
Sam Gagner               0  0  0   1  0   6  1  0  0  0  3/7    14:10   0:00   2:47 
Sonny Milano             2  0  2   1  0   6  0  0  0  0  0/0    16:08   2:03   0:18 
Tyler Motte              0  0  0   1  0   0  2  0  1  1  0/0    13:56   0:00   2:59 
Vince Dunn               0  0  0   0  0   0  1  0  0  0  0/0    17:36   2:09   0:00 

3 Stars

1 - Ryan Miller (EDM)
2 - Sonny Milano (EDM)
3 - Bobby Ryan (EDM)

Power Play

Golden Seals - 0 on 3 Attempt(s) - 0,00%
Oilers - 0 on 2 Attempt(s) - 0,00%

Penalty Kill

Golden Seals - 2 on 2 Attempt(s) - 100,00% - Score 0 goal in Penalty Kill
Oilers - 3 on 3 Attempt(s) - 100,00% - Score 0 goal in Penalty Kill

Team Stat

Golden Seals - Hits : 17 - Faceoff Wins : 25 - Blocked Shots : 7 - Penalty Minutes : 4
Oilers - Hits : 24 - Faceoff Wins : 22 - Blocked Shots : 10 - Penalty Minutes : 6

Official

Referees : Tim Peel and TJ Luxmore
Linesman : Trent Knorr and Robb Harrell

Game Notes

No Game Note

Finance

Level 1 -- Attendance: 4839 (80,65%) -- Ticket Income 508 095 $
Level 2 -- Attendance: 3672 (73,44%) -- Ticket Income 238 680 $
Level 3 -- Attendance: 1725 (86,25%) -- Ticket Income 65 550 $
Level 4 -- Attendance: 3219 (80,48%) -- Ticket Income 74 037 $
Luxury Box -- Attendance: 837 (83,70%) -- Ticket Income 159 030 $
Game was played at the Edmonton Coliseum.
Total Attendance: 14292 (79,40%)
Total Ticket Income: 1 045 392 $
Other Income: 512 242 $
Total Income: 1 557 634 $

Golden Seals

5 vs 5 Forward 
   Center                   Left Wing                Right Wing               Time % Phy DF OF 
 1 Jonathan Toews           Tyler Toffoli            Jaden Schwartz           38     0   2  3  
 2 William Karlsson         Max Domi                 Jordan Eberle            32     0   2  3  
 3 Nick Suzuki              Oskar Lindblom           Robby Fabbri             20     0   2  3  
 4 Barclay Goodrow          Miles Wood               Nick Cousins             10     1   2  2  

5 vs 5 Defense 
   Defense                  Defense                                           Time % Phy DF OF 
 1 Colton Parayko           Jake McCabe                                       40     0   3  2  
 2 Nate Schmidt             Olli Maatta                                       33     0   3  2  
 3 Cody Ceci                Robert Hagg                                       27     1   3  1  
 4 Colton Parayko           Jake McCabe                                       0      1   2  2  

PowerPlay Forward 
   Center                   Left Wing                Right Wing               Time % Phy DF OF 
 1 Jonathan Toews           Tyler Toffoli            Jaden Schwartz           60     1   0  4  
 2 William Karlsson         Max Domi                 Jordan Eberle            40     1   0  4  

PowerPlay Defense
   Defense                  Defense                                           Time % Phy DF OF 
 1 Colton Parayko           Oskar Lindblom                                    60     0   1  4  
 2 Nate Schmidt             Nick Suzuki                                       40     0   1  4  

Penalty Kill 4 Players Forward 
   Center                   Wing                     Time % Phy DF OF 
 1 Barclay Goodrow          Miles Wood               65     1   3  1  
 2 William Karlsson         Jonathan Toews           35     1   3  1  

Penalty Kill 4 Players Defense
   Defense                  Defense                  Time % Phy DF OF 
 1 Cody Ceci                Jake McCabe              60     1   4  0  
 2 Olli Maatta              Robert Hagg              40     1   4  0  

Penalty Kill - 3 Players Forward 
   Forward                                           Time % Phy DF OF 
 1 Barclay Goodrow                                   60     1   4  0  
 2 Jonathan Toews                                    40     1   4  0  

Penalty Kill - 3 Players Defense
   Defense                  Defense                  Time % Phy DF OF 
 1 Cody Ceci                Jake McCabe              60     1   4  0  
 2 Cody Ceci                Jake McCabe              40     1   4  0  

4 vs 4 Forward 
   Center                   Wing                     Time % Phy DF OF 
 1 Jonathan Toews           Jaden Schwartz           55     0   2  3  
 2 William Karlsson         Tyler Toffoli            45     0   2  3  

4 vs 4 Defense
   Defense                  Defense                  Time % Phy DF OF 
 1 Colton Parayko           Jake McCabe              60     0   3  2  
 2 Nate Schmidt             Olli Maatta              40     0   3  2  

Last Minutes Offensive
   Center                   Left Wing                Right Wing               Defense                  Defense                  
   Jonathan Toews           Jaden Schwartz           Tyler Toffoli            Colton Parayko           Nate Schmidt             

Last Minutes Defensive
   Center                   Left Wing                Right Wing               Defense                  Defense                  
   Jonathan Toews           Barclay Goodrow          Miles Wood               Cody Ceci                Jake McCabe              

Goaltenders
Starting : Pheonix Copley           
Backup : Andrei Vasilevskiy       

Extra Forwards
Normal : Nick Suzuki, Oskar Lindblom, Miles Wood - PP : Barclay Goodrow, Robby Fabbri - PK : Nick Suzuki
Extra Defensemen
Normal : Nate Schmidt, Cody Ceci, Colton Parayko - PP : Cody Ceci - PK : Colton Parayko, Nate Schmidt
Penalty Shots
Jonathan Toews, William Karlsson, Jordan Eberle, Tyler Toffoli, Nick Cousins
Custom OT Lines Forwards
Jonathan Toews, William Karlsson, Jaden Schwartz, Tyler Toffoli, Jordan Eberle, Max Domi, Nick Suzuki, Miles Wood, Oskar Lindblom, Robby Fabbri
Custom OT Lines Defensemen
Colton Parayko, Nate Schmidt, Olli Maatta, Jake McCabe, Cody Ceci

Scratches
Ondrej Kase (Healthy)

Oilers

5 vs 5 Forward 
   Center                   Left Wing                Right Wing               Time % Phy DF OF 
 1 Connor McDavid           Evgeni Dadonov           Kyle Okposo              30     1   2  2  
 2 Nico Hischier            Sonny Milano             Bobby Ryan               30     1   2  2  
 3 Sam Gagner               Tyler Motte              Adam Erne                20     1   2  2  
 4 Ben Street               Nathan Gerbe             Jordan Nolan             20     1   2  2  

5 vs 5 Defense 
   Defense                  Defense                                           Time % Phy DF OF 
 1 Kevin Shattenkirk        Brandon Montour                                   35     1   2  2  
 2 Jordan Oesterle          Brendan Smith                                     35     1   2  2  
 3 Vince Dunn               Dennis Gilbert                                    30     1   2  2  
 4 Vince Dunn               Kevin Shattenkirk                                 0      1   2  2  

PowerPlay Forward 
   Center                   Left Wing                Right Wing               Time % Phy DF OF 
 1 Connor McDavid           Evgeni Dadonov           Kyle Okposo              50     1   2  2  
 2 Nico Hischier            Bobby Ryan               Sonny Milano             50     1   2  2  

PowerPlay Defense
   Defense                  Defense                                           Time % Phy DF OF 
 1 Kevin Shattenkirk        Brandon Montour                                   50     1   2  2  
 2 Vince Dunn               Jordan Oesterle                                   50     1   2  2  

Penalty Kill 4 Players Forward 
   Center                   Wing                     Time % Phy DF OF 
 1 Ben Street               Tyler Motte              50     1   2  2  
 2 Sam Gagner               Adam Erne                50     1   2  2  

Penalty Kill 4 Players Defense
   Defense                  Defense                  Time % Phy DF OF 
 1 Kevin Shattenkirk        Brandon Montour          50     1   2  2  
 2 Jordan Oesterle          Brendan Smith            50     1   2  2  

Penalty Kill - 3 Players Forward 
   Forward                                           Time % Phy DF OF 
 1 Ben Street                                        50     1   2  2  
 2 Nico Hischier                                     50     1   2  2  

Penalty Kill - 3 Players Defense
   Defense                  Defense                  Time % Phy DF OF 
 1 Kevin Shattenkirk        Brandon Montour          50     1   2  2  
 2 Jordan Oesterle          Brendan Smith            50     1   2  2  

4 vs 4 Forward 
   Center                   Wing                     Time % Phy DF OF 
 1 Connor McDavid           Evgeni Dadonov           50     1   2  2  
 2 Nico Hischier            Kyle Okposo              50     1   2  2  

4 vs 4 Defense
   Defense                  Defense                  Time % Phy DF OF 
 1 Kevin Shattenkirk        Brandon Montour          50     1   2  2  
 2 Jordan Oesterle          Brendan Smith            50     1   2  2  

Last Minutes Offensive
   Center                   Left Wing                Right Wing               Defense                  Defense                  
   Connor McDavid           Evgeni Dadonov           Kyle Okposo              Kevin Shattenkirk        Brandon Montour          

Last Minutes Defensive
   Center                   Left Wing                Right Wing               Defense                  Defense                  
   Connor McDavid           Evgeni Dadonov           Kyle Okposo              Kevin Shattenkirk        Brandon Montour          

Goaltenders
Starting : Ryan Miller              
Backup : Thomas Greiss            

Extra Forwards
Normal : Jordan Nolan, Tyler Motte, Sonny Milano - PP : Jordan Nolan, Tyler Motte - PK : Sonny Milano
Extra Defensemen
Normal : Brandon Montour, Kevin Shattenkirk, Vince Dunn - PP : Kevin Shattenkirk - PK : Jordan Oesterle, Dennis Gilbert
Penalty Shots
Connor McDavid, Nico Hischier, Evgeni Dadonov, Kyle Okposo, Bobby Ryan
Custom OT Lines Forwards
Connor McDavid, Nico Hischier, Evgeni Dadonov, Kyle Okposo, Bobby Ryan, Tyler Motte, Sam Gagner, Sonny Milano, Ben Street, Nathan Gerbe
Custom OT Lines Defensemen
Kevin Shattenkirk, Brandon Montour, Jordan Oesterle, Brendan Smith, Vince Dunn

Scratches
Tomas Nosek (Healthy), Christian Djoos (Healthy), Kaapo Kahkonen (Healthy)

% Time on Ice - Golden Seals

Lines # - Real PCT - Wanted PCT - Time Play
Normal Forward
1 - 32% - 38% - 15:53
2 - 29% - 32% - 14:24
3 - 22% - 20% - 11:03
4 - 17% - 10% - 8:45
Normal Defense
1 - 36% - 40% - 18:15
2 - 34% - 33% - 16:59
3 - 30% - 27% - 14:51
4 - 0% - 0% - 0:00
PP Forward
1 - 56% - 60% - 3:20
2 - 44% - 40% - 2:37
PP Defense
1 - 68% - 60% - 4:04
2 - 32% - 40% - 1:53
PK Forward
1 - 100% - 65% - 3:58
2 - 0% - 35% - 0:00
PK Defense
1 - 57% - 60% - 2:15
2 - 43% - 40% - 1:43
PK3 Forward
1 - 0% - 60%
2 - 0% - 40%
PK3 Defense
1 - 0% - 60%
2 - 0% - 40%
44 Forward
1 - 0% - 55%
2 - 0% - 45%
44 Defense
1 - 0% - 60%
2 - 0% - 40%
Last Minute Offensive  - 0:00
Last Minute Defensive  - 0:00
Total
Forward - 60:00
Defense - 60:00

% Time on Ice - Oilers

Lines # - Real PCT - Wanted PCT - Time Play
Normal Forward
1 - 29% - 30% - 14:34
2 - 28% - 30% - 14:09
3 - 22% - 20% - 10:57
4 - 21% - 20% - 10:25
Normal Defense
1 - 35% - 35% - 17:35
2 - 35% - 35% - 17:33
3 - 30% - 30% - 14:57
4 - 0% - 0% - 0:00
PP Forward
1 - 48% - 50% - 1:55
2 - 52% - 50% - 2:03
PP Defense
1 - 46% - 50% - 1:49
2 - 54% - 50% - 2:09
PK Forward
1 - 51% - 50% - 3:01
2 - 49% - 50% - 2:56
PK Defense
1 - 62% - 50% - 3:43
2 - 38% - 50% - 2:14
PK3 Forward
1 - 0% - 50%
2 - 0% - 50%
PK3 Defense
1 - 0% - 50%
2 - 0% - 50%
44 Forward
1 - 0% - 50%
2 - 0% - 50%
44 Defense
1 - 0% - 50%
2 - 0% - 50%
Last Minute Offensive  - 0:00
Last Minute Defensive  - 0:00
Total
Forward - 60:00
Defense - 60:00

Play-by-Play

1st period


0:01 of 1st period - Connor McDavid wins face-off versus Jonathan Toews in neutral zone.
0:06 of 1st period - Snap shot by Evgeni Dadonov.
0:06 of 1st period - Shot Misses the Net.
0:08 of 1st period - Wrist shot by Kyle Okposo.
0:08 of 1st period - Stopped by Pheonix Copley with a rebound.
0:10 of 1st period - Wrist shot by Brandon Montour.
0:10 of 1st period - Shot Misses the Net.
0:12 of 1st period - Slapshot by Kyle Okposo.
0:12 of 1st period - Shot Hit the Post.
0:14 of 1st period - Wrist shot by Kyle Okposo.
0:14 of 1st period - Shot Misses the Net.
0:16 of 1st period - Wrist shot by Connor McDavid.
0:16 of 1st period - Stopped by Pheonix Copley with a rebound.
0:26 of 1st period - Jake McCabe is hit by Bobby Ryan and loses puck.
1:10 of 1st period - Off-side.
1:11 of 1st period - Adam Erne wins face-off versus Barclay Goodrow in neutral zone.
1:33 of 1st period - Slapshot by Sam Gagner.
1:33 of 1st period - Stopped by Pheonix Copley without a rebound.
1:34 of 1st period - Nico Hischier wins face-off versus Jonathan Toews in Golden Seals zone.
3:21 of 1st period - Snap shot by Jaden Schwartz.
3:21 of 1st period - Stopped by Ryan Miller without a rebound.
3:22 of 1st period - William Karlsson wins face-off versus Nico Hischier in Oilers zone.
3:23 of 1st period - Snap shot by Jordan Eberle.
3:23 of 1st period - Stopped by Ryan Miller without a rebound.
3:24 of 1st period - Max Domi wins face-off versus Nico Hischier in Oilers zone.
3:29 of 1st period - Wrist shot by William Karlsson.
3:29 of 1st period - Shot Misses the Net.
3:35 of 1st period - William Karlsson is hit by Bobby Ryan.
3:49 of 1st period - Nate Schmidt is hit by Evgeni Dadonov and loses puck.
4:16 of 1st period - Snap shot by Miles Wood.
4:16 of 1st period - Stopped by Ryan Miller with a rebound.
4:28 of 1st period - Adam Erne is hit by Colton Parayko and loses puck.
4:37 of 1st period - William Karlsson is hit by Tyler Motte and loses puck.
4:50 of 1st period - Wrist shot by Oskar Lindblom.
4:50 of 1st period - Stopped by Ryan Miller with a rebound.
4:52 of 1st period - Backhand shot by Robby Fabbri.
4:52 of 1st period - Stopped by Ryan Miller with a rebound.
4:54 of 1st period - Snap shot by Oskar Lindblom.
4:54 of 1st period - Stopped by Ryan Miller without a rebound.
4:55 of 1st period - Nick Suzuki wins face-off versus Evgeni Dadonov in Oilers zone.
5:00 of 1st period - Backhand shot by Robby Fabbri.
5:00 of 1st period - Stopped by Ryan Miller with a rebound.
5:02 of 1st period - Backhand shot by Olli Maatta.
5:02 of 1st period - Shot Blocked by Connor McDavid.
5:04 of 1st period - Snap shot by Robby Fabbri.
5:04 of 1st period - Shot Misses the Net.
5:42 of 1st period - Olli Maatta is hit by Dennis Gilbert and loses puck.
5:55 of 1st period - Snap shot by Sam Gagner.
5:55 of 1st period - Shot Blocked by Olli Maatta.
6:09 of 1st period - Brendan Smith is hit by Nick Suzuki and loses puck.
6:14 of 1st period - Wrist shot by Robby Fabbri.
6:14 of 1st period - Shot Misses the Net.
6:16 of 1st period - Snap shot by Nate Schmidt.
6:16 of 1st period - Stopped by Ryan Miller with a rebound.
6:50 of 1st period - Wrist shot by Oskar Lindblom.
6:50 of 1st period - Shot Blocked by Brandon Montour.
6:52 of 1st period - Snap shot by Olli Maatta.
6:52 of 1st period - Stopped by Ryan Miller without a rebound.
6:53 of 1st period - William Karlsson wins face-off versus Ben Street in Oilers zone.
7:18 of 1st period - Kevin Shattenkirk is hit by Jaden Schwartz and loses puck.
7:25 of 1st period - Snap shot by Jaden Schwartz.
7:25 of 1st period - Deflect By Tyler Toffoli.
7:25 of 1st period - Shot Misses the Net.
7:25 of 1st period - Puck is out of play.
7:26 of 1st period - Nico Hischier wins face-off versus William Karlsson in Oilers zone.
7:58 of 1st period - Slapshot by Jake McCabe.
7:58 of 1st period - Stopped by Ryan Miller with a rebound.
8:00 of 1st period - Slapshot by Jake McCabe.
8:00 of 1st period - Stopped by Ryan Miller with a rebound.
8:02 of 1st period - Slapshot by Jake McCabe.
8:02 of 1st period - Goal by Jake McCabe - Golden Seals : 1 - Oilers : 0.
8:03 of 1st period - Connor McDavid wins face-off versus William Karlsson in neutral zone.
9:16 of 1st period - Snap shot by Sam Gagner.
9:16 of 1st period - Shot Misses the Net.
9:35 of 1st period - Off-side.
9:36 of 1st period - Sam Gagner wins face-off versus Max Domi in neutral zone.
9:44 of 1st period - Icing by Dennis Gilbert.
9:45 of 1st period - Sam Gagner wins face-off versus Jonathan Toews in Oilers zone.
9:52 of 1st period - Wrist shot by Sam Gagner.
9:52 of 1st period - Shot Misses the Net.
10:22 of 1st period - Snap shot by Sam Gagner.
10:22 of 1st period - Stopped by Pheonix Copley with a rebound.
10:24 of 1st period - Snap shot by Tyler Motte.
10:24 of 1st period - Shot Misses the Net.
10:26 of 1st period - Wrist shot by Tyler Motte.
10:26 of 1st period - Shot Misses the Net.
10:41 of 1st period - Off-side.
10:42 of 1st period - Jonathan Toews wins face-off versus Connor McDavid in neutral zone.
10:45 of 1st period - Wrist shot by Jaden Schwartz.
10:45 of 1st period - Stopped by Ryan Miller without a rebound.
10:46 of 1st period - Jonathan Toews wins face-off versus Connor McDavid in Oilers zone.
11:40 of 1st period - Off-side.
11:41 of 1st period - Jonathan Toews wins face-off versus Evgeni Dadonov in neutral zone.
11:48 of 1st period - Connor McDavid is hit by Cody Ceci.
12:18 of 1st period - Snap shot by Jordan Eberle.
12:18 of 1st period - Deflect By William Karlsson.
12:18 of 1st period - Shot Misses the Net.
12:18 of 1st period - Puck is out of play.
12:19 of 1st period - Jonathan Toews wins face-off versus Connor McDavid in Oilers zone.
12:22 of 1st period - Snap shot by Jonathan Toews.
12:22 of 1st period - Shot Blocked by Kevin Shattenkirk.
12:24 of 1st period - Snap shot by Tyler Toffoli.
12:24 of 1st period - Deflect By Kevin Shattenkirk.
12:24 of 1st period - Stopped by Ryan Miller with a rebound.
12:26 of 1st period - Slapshot by Jake McCabe.
12:26 of 1st period - Deflect By Jaden Schwartz.
12:26 of 1st period - Stopped by Ryan Miller with a rebound.
12:28 of 1st period - Slapshot by Colton Parayko.
12:28 of 1st period - Stopped by Ryan Miller with a rebound.
12:30 of 1st period - Wrist shot by Jonathan Toews.
12:30 of 1st period - Stopped by Ryan Miller with a rebound.
12:32 of 1st period - Slapshot by Jake McCabe.
12:32 of 1st period - Shot Misses the Net.
13:43 of 1st period - Nate Schmidt is hit by Bobby Ryan.
14:11 of 1st period - Wrist shot by Robby Fabbri.
14:11 of 1st period - Stopped by Ryan Miller with a rebound.
14:25 of 1st period - Wrist shot by Bobby Ryan.
14:25 of 1st period - Stopped by Pheonix Copley with a rebound.
14:27 of 1st period - Wrist shot by Sonny Milano.
14:27 of 1st period - Stopped by Pheonix Copley without a rebound.
14:28 of 1st period - Jonathan Toews wins face-off versus Connor McDavid in Golden Seals zone.
15:22 of 1st period - Snap shot by Nick Cousins.
15:22 of 1st period - Stopped by Ryan Miller with a rebound.
15:24 of 1st period - Wrist shot by Olli Maatta.
15:24 of 1st period - Shot Blocked by Dennis Gilbert.
15:26 of 1st period - Snap shot by Miles Wood.
15:26 of 1st period - Shot Misses the Net.
15:28 of 1st period - Wrist shot by Barclay Goodrow.
15:28 of 1st period - Stopped by Ryan Miller with a rebound.
15:30 of 1st period - Snap shot by Barclay Goodrow.
15:30 of 1st period - Shot Misses the Net.
15:42 of 1st period - Snap shot by Jaden Schwartz.
15:42 of 1st period - Stopped by Ryan Miller with a rebound.
16:38 of 1st period - William Karlsson is hit by Kyle Okposo and loses puck.
16:47 of 1st period - Slapshot by Evgeni Dadonov.
16:47 of 1st period - Stopped by Pheonix Copley with a rebound.
16:51 of 1st period - Wrist shot by Connor McDavid.
16:51 of 1st period - Shot Misses the Net.
17:04 of 1st period - Slapshot by Bobby Ryan.
17:04 of 1st period - Stopped by Pheonix Copley without a rebound.
17:05 of 1st period - Jonathan Toews wins face-off versus Nico Hischier in Golden Seals zone.
17:30 of 1st period - Colton Parayko is hit by Connor McDavid and loses puck.
17:55 of 1st period - Snap shot by Nick Cousins.
17:55 of 1st period - Shot Blocked by Kevin Shattenkirk.
18:00 of 1st period - Off-side.
18:01 of 1st period - Nico Hischier wins face-off versus Jonathan Toews in neutral zone.
18:16 of 1st period - Wrist shot by Sonny Milano.
18:16 of 1st period - Stopped by Pheonix Copley with a rebound.
18:37 of 1st period - Snap shot by Jordan Eberle.
18:37 of 1st period - Stopped by Ryan Miller without a rebound.
18:38 of 1st period - Jonathan Toews wins face-off versus Ben Street in Oilers zone.
18:51 of 1st period - Snap shot by Jaden Schwartz.
18:51 of 1st period - Shot Blocked by Nathan Gerbe.
18:59 of 1st period - Minor Penalty to Nathan Gerbe for Tripping.
19:00 of 1st period - Jonathan Toews wins face-off versus Ben Street in Oilers zone.
Goals for this period are 1 for Golden Seals vs 0 for Oilers.
Shots for this period are 22 for Golden Seals vs 9 for Oilers.

2nd period


0:01 of 2nd period - Jonathan Toews wins face-off versus Sam Gagner in neutral zone.
0:32 of 2nd period - Wrist shot by Max Domi.
0:32 of 2nd period - Stopped by Ryan Miller with a rebound.
0:34 of 2nd period - Slapshot by Colton Parayko.
0:34 of 2nd period - Shot Misses the Net.
0:59 of 2nd period - Penalty to Nathan Gerbe is over, Nathan Gerbe is back on ice.
1:56 of 2nd period - Snap shot by Nick Cousins.
1:56 of 2nd period - Stopped by Ryan Miller without a rebound.
1:57 of 2nd period - Barclay Goodrow wins face-off versus Connor McDavid in Oilers zone.
4:11 of 2nd period - Snap shot by Max Domi.
4:11 of 2nd period - Stopped by Ryan Miller without a rebound.
4:12 of 2nd period - Nico Hischier wins face-off versus Jordan Eberle in Oilers zone.
4:35 of 2nd period - Wrist shot by Jordan Eberle.
4:35 of 2nd period - Shot Blocked by Dennis Gilbert.
4:41 of 2nd period - Dennis Gilbert is hit by William Karlsson and loses puck.
5:01 of 2nd period - Snap shot by Bobby Ryan.
5:01 of 2nd period - Deflect By Sonny Milano.
5:01 of 2nd period - Goal by Sonny Milano - Golden Seals : 1 - Oilers : 1.
5:02 of 2nd period - Connor McDavid wins face-off versus Jonathan Toews in neutral zone.
5:17 of 2nd period - Wrist shot by Evgeni Dadonov.
5:17 of 2nd period - Shot Blocked by Jaden Schwartz.
5:27 of 2nd period - Colton Parayko is hit by Kevin Shattenkirk.
5:37 of 2nd period - Snap shot by Adam Erne.
5:37 of 2nd period - Shot Misses the Net.
5:39 of 2nd period - Slapshot by Sam Gagner.
5:39 of 2nd period - Stopped by Pheonix Copley without a rebound.
5:40 of 2nd period - Ben Street wins face-off versus William Karlsson in Golden Seals zone.
6:07 of 2nd period - Nate Schmidt is hit by Kyle Okposo and loses puck.
6:30 of 2nd period - Snap shot by Tyler Motte.
6:30 of 2nd period - Shot Misses the Net.
6:34 of 2nd period - Slapshot by Sam Gagner.
6:34 of 2nd period - Stopped by Pheonix Copley with a rebound.
6:36 of 2nd period - Slapshot by Vince Dunn.
6:36 of 2nd period - Shot Misses the Net.
6:41 of 2nd period - Minor Penalty to Olli Maatta for Holding Stick.
6:42 of 2nd period - Barclay Goodrow wins face-off versus Connor McDavid in Golden Seals zone.
7:45 of 2nd period - Nico Hischier is hit by Miles Wood and loses puck.
8:41 of 2nd period - Penalty to Olli Maatta is over, Olli Maatta is back on ice.
8:53 of 2nd period - Olli Maatta is hit by Vince Dunn and loses puck.
9:04 of 2nd period - Snap shot by Nick Suzuki.
9:04 of 2nd period - Stopped by Ryan Miller with a rebound.
9:06 of 2nd period - Slapshot by Nick Suzuki.
9:06 of 2nd period - Shot Blocked by Nathan Gerbe.
9:08 of 2nd period - Slapshot by Olli Maatta.
9:08 of 2nd period - Stopped by Ryan Miller with a rebound.
9:10 of 2nd period - Wrist shot by Nick Suzuki.
9:10 of 2nd period - Deflect By Oskar Lindblom.
9:10 of 2nd period - Shot Misses the Net.
9:10 of 2nd period - Puck is out of play.
9:11 of 2nd period - Jaden Schwartz wins face-off versus Sam Gagner in Oilers zone.
9:52 of 2nd period - Nico Hischier is hit by William Karlsson and loses puck.
10:11 of 2nd period - Jake McCabe is hit by Jordan Nolan.
10:59 of 2nd period - Minor Penalty to Nathan Gerbe for Roughing.
11:00 of 2nd period - Jonathan Toews wins face-off versus Sam Gagner in Oilers zone.
11:11 of 2nd period - Ben Street is hit by Tyler Toffoli and loses puck.
11:22 of 2nd period - Brandon Montour is hit by Jonathan Toews and loses puck.
11:59 of 2nd period - Snap shot by Adam Erne.
11:59 of 2nd period - Shot Misses the Net.
12:59 of 2nd period - Penalty to Nathan Gerbe is over, Nathan Gerbe is back on ice.
13:03 of 2nd period - Sonny Milano is hit by Nick Cousins and loses puck.
13:51 of 2nd period - Icing by Jaden Schwartz.
13:52 of 2nd period - Jonathan Toews wins face-off versus Ben Street in Golden Seals zone.
15:11 of 2nd period - Slapshot by Adam Erne.
15:11 of 2nd period - Shot Misses the Net.
15:13 of 2nd period - Slapshot by Dennis Gilbert.
15:13 of 2nd period - Shot Blocked by Olli Maatta.
15:15 of 2nd period - Slapshot by Vince Dunn.
15:15 of 2nd period - Deflect By Tyler Motte.
15:15 of 2nd period - Shot Misses the Net.
15:15 of 2nd period - Puck is out of play.
15:16 of 2nd period - Connor McDavid wins face-off versus Jonathan Toews in Golden Seals zone.
15:41 of 2nd period - Jaden Schwartz is hit by Nathan Gerbe and loses puck.
15:55 of 2nd period - Off-side.
15:56 of 2nd period - Nico Hischier wins face-off versus William Karlsson in neutral zone.
18:28 of 2nd period - Off-side.
18:29 of 2nd period - Nico Hischier wins face-off versus William Karlsson in neutral zone.
18:31 of 2nd period - Off-side.
18:32 of 2nd period - Nico Hischier wins face-off versus Jonathan Toews in neutral zone.
19:24 of 2nd period - Wrist shot by Sam Gagner.
19:24 of 2nd period - Stopped by Pheonix Copley with a rebound.
19:26 of 2nd period - Backhand shot by Sam Gagner.
19:26 of 2nd period - Stopped by Pheonix Copley without a rebound.
19:27 of 2nd period - Nico Hischier wins face-off versus Nick Suzuki in Golden Seals zone.
19:42 of 2nd period - Slapshot by Nico Hischier.
19:42 of 2nd period - Shot Misses the Net.
19:57 of 2nd period - Slapshot by Connor McDavid.
19:57 of 2nd period - Stopped by Pheonix Copley with a rebound.
19:59 of 2nd period - Snap shot by Connor McDavid.
19:59 of 2nd period - Deflect By Kyle Okposo.
19:59 of 2nd period - Shot Blocked by Nate Schmidt.
19:59 of 2nd period - Puck is out of play.
Goals for this period are 0 for Golden Seals vs 1 for Oilers.
Shots for this period are 5 for Golden Seals vs 6 for Oilers.

3rd period


0:01 of 3rd period - Jonathan Toews wins face-off versus Nico Hischier in neutral zone.
0:04 of 3rd period - Nico Hischier is hit by Jaden Schwartz and loses puck.
0:15 of 3rd period - Wrist shot by Colton Parayko.
0:15 of 3rd period - Stopped by Ryan Miller with a rebound.
0:27 of 3rd period - Max Domi is hit by Connor McDavid and loses puck.
0:36 of 3rd period - Snap shot by Connor McDavid.
0:36 of 3rd period - Stopped by Pheonix Copley without a rebound.
0:37 of 3rd period - Jonathan Toews wins face-off versus Nico Hischier in Golden Seals zone.
0:42 of 3rd period - Slapshot by Olli Maatta.
0:42 of 3rd period - Shot Misses the Net.
1:58 of 3rd period - Robert Hagg is hit by Tyler Motte and loses puck.
2:38 of 3rd period - Slapshot by Jaden Schwartz.
2:38 of 3rd period - Shot Blocked by Nico Hischier.
3:14 of 3rd period - Wrist shot by Oskar Lindblom.
3:14 of 3rd period - Stopped by Ryan Miller without a rebound.
3:15 of 3rd period - Sam Gagner wins face-off versus Nick Suzuki in Oilers zone.
3:28 of 3rd period - Colton Parayko is hit by Adam Erne and loses puck.
3:41 of 3rd period - Slapshot by Adam Erne.
3:41 of 3rd period - Shot Blocked by Oskar Lindblom.
3:43 of 3rd period - Snap shot by Sam Gagner.
3:43 of 3rd period - Shot Blocked by Colton Parayko.
3:45 of 3rd period - Snap shot by Tyler Motte.
3:45 of 3rd period - Deflect By Sam Gagner.
3:45 of 3rd period - Shot Misses the Net.
3:45 of 3rd period - Puck is out of play.
3:46 of 3rd period - Jonathan Toews wins face-off versus Connor McDavid in Golden Seals zone.
4:12 of 3rd period - Connor McDavid is hit by Barclay Goodrow and loses puck.
4:17 of 3rd period - Snap shot by Nick Cousins.
4:17 of 3rd period - Shot Misses the Net.
4:19 of 3rd period - Snap shot by Colton Parayko.
4:19 of 3rd period - Deflect By Nick Cousins.
4:19 of 3rd period - Stopped by Ryan Miller with a rebound.
4:21 of 3rd period - Slapshot by Nick Cousins.
4:21 of 3rd period - Stopped by Ryan Miller with a rebound.
4:23 of 3rd period - Snap shot by Colton Parayko.
4:23 of 3rd period - Shot Misses the Net.
4:45 of 3rd period - Wrist shot by Sonny Milano.
4:45 of 3rd period - Stopped by Pheonix Copley without a rebound.
4:46 of 3rd period - Jonathan Toews wins face-off versus Nathan Gerbe in Golden Seals zone.
4:46 of 3rd period - Jonathan Toews is hit by Jordan Nolan.
4:58 of 3rd period - Snap shot by Jonathan Toews.
4:58 of 3rd period - Stopped by Ryan Miller with a rebound.
5:08 of 3rd period - Minor Penalty to Dennis Gilbert for Hooking.
5:09 of 3rd period - Jonathan Toews wins face-off versus Sam Gagner in Oilers zone.
7:08 of 3rd period - Penalty to Dennis Gilbert is over, Dennis Gilbert is back on ice.
7:19 of 3rd period - Kevin Shattenkirk is hit by Barclay Goodrow and loses puck.
7:30 of 3rd period - Barclay Goodrow is hit by Kyle Okposo and loses puck.
7:53 of 3rd period - Nico Hischier is hit by Robert Hagg and loses puck.
8:53 of 3rd period - Wrist shot by Nathan Gerbe.
8:53 of 3rd period - Stopped by Pheonix Copley with a rebound.
9:22 of 3rd period - William Karlsson is hit by Sam Gagner and loses puck.
9:29 of 3rd period - Tyler Motte is hit by Jordan Eberle and loses puck.
9:51 of 3rd period - Kevin Shattenkirk is hit by Robert Hagg and loses puck.
10:43 of 3rd period - Barclay Goodrow is hit by Ben Street and loses puck.
11:22 of 3rd period - Snap shot by Ben Street.
11:22 of 3rd period - Shot Misses the Net.
11:24 of 3rd period - Wrist shot by Jordan Nolan.
11:24 of 3rd period - Deflect By William Karlsson.
11:24 of 3rd period - Stopped by Pheonix Copley with a rebound.
11:26 of 3rd period - Wrist shot by Ben Street.
11:26 of 3rd period - Shot Misses the Net.
12:13 of 3rd period - Wrist shot by Nathan Gerbe.
12:13 of 3rd period - Deflect By Max Domi.
12:13 of 3rd period - Stopped by Pheonix Copley without a rebound.
12:14 of 3rd period - Ben Street wins face-off versus Jonathan Toews in Golden Seals zone.
12:15 of 3rd period - Backhand shot by Nathan Gerbe.
12:15 of 3rd period - Goal by Nathan Gerbe - Golden Seals : 1 - Oilers : 2.
12:16 of 3rd period - Nico Hischier wins face-off versus Jaden Schwartz in neutral zone.
12:19 of 3rd period - Wrist shot by Sonny Milano.
12:19 of 3rd period - Stopped by Pheonix Copley with a rebound.
12:21 of 3rd period - Slapshot by Bobby Ryan.
12:21 of 3rd period - Deflect By Sonny Milano.
12:21 of 3rd period - Goal by Sonny Milano - Golden Seals : 1 - Oilers : 3.
12:22 of 3rd period - Nico Hischier wins face-off versus Jonathan Toews in neutral zone.
12:25 of 3rd period - Snap shot by Bobby Ryan.
12:25 of 3rd period - Stopped by Pheonix Copley with a rebound.
12:32 of 3rd period - Minor Penalty to Colton Parayko for Holding.
12:33 of 3rd period - Nico Hischier wins face-off versus Barclay Goodrow in Golden Seals zone.
13:21 of 3rd period - Nick Suzuki is hit by Kevin Shattenkirk and loses puck.
14:32 of 3rd period - Penalty to Colton Parayko is over, Colton Parayko is back on ice.
14:54 of 3rd period - Colton Parayko is hit by Kevin Shattenkirk and loses puck.
15:09 of 3rd period - Snap shot by Adam Erne.
15:09 of 3rd period - Goal by Adam Erne - Golden Seals : 1 - Oilers : 4.
15:10 of 3rd period - Connor McDavid wins face-off versus Jonathan Toews in neutral zone.
15:58 of 3rd period - Nick Suzuki is hit by Jordan Oesterle and loses puck.
16:09 of 3rd period - Snap shot by Nico Hischier.
16:09 of 3rd period - Stopped by Pheonix Copley with a rebound.
17:08 of 3rd period - Brandon Montour is hit by William Karlsson and loses puck.
17:27 of 3rd period - Colton Parayko is hit by Nico Hischier and loses puck.
17:56 of 3rd period - Snap shot by Evgeni Dadonov.
17:56 of 3rd period - Deflect By Connor McDavid.
17:56 of 3rd period - Shot Blocked by Jaden Schwartz.
17:56 of 3rd period - Puck is out of play.
17:57 of 3rd period - Jordan Eberle wins face-off versus Nico Hischier in Golden Seals zone.
18:09 of 3rd period - Slapshot by Cody Ceci.
18:09 of 3rd period - Shot Blocked by Dennis Gilbert.
18:11 of 3rd period - Slapshot by William Karlsson.
18:11 of 3rd period - Stopped by Ryan Miller with a rebound.
18:13 of 3rd period - Snap shot by Max Domi.
18:13 of 3rd period - Stopped by Ryan Miller without a rebound.
18:14 of 3rd period - Jonathan Toews wins face-off versus Connor McDavid in Oilers zone.
Goals for this period are 0 for Golden Seals vs 3 for Oilers.
Shots for this period are 7 for Golden Seals vs 11 for Oilers.